 Dungeon Sprint DCSS version 0.28.0-43-g3370ac3207 (webtiles) character file.

Game seed: 4335514699816344146

13000000 smarlow the Archmage (level 27, -12/214 HPs)
             Began as a Djinni Warper on Mar 9, 2022.
             Was the Champion of Makhleb.
             Mangled by a destroyer
             ... wielding a +9 vorpal great sword
              (39 damage)
             ... in the Dungeon (Sprint VIII: "Arena of Blood").
             The game lasted 00:08:24 (130 turns).

smarlow the Archmage (Djinni Warper)                 Turns: 130, Time: 00:08:24

Health: -12/214    AC:  6    Str: 10    XL:     27
Gold:   0          EV: 36    Int: 17    God:    Makhleb [******] SH:  0 Dex: 25

rFire   + + .      SeeInvis +   g - +∞ Axe of Woe
rCold   x . .      Faith    .   (shield currently unavailable)
rNeg    . . .      Spirit   .   b - +0 leather armour
rPois   ∞          Reflect  .   (no helmet)
rElec   .          Harm     .   (no cloak)
rCorr   .          Rampage  .   (no gloves)
Will    ++...      NoTele   +   (boots unavailable)
Stlth   ++++++++++              (no amulet)
HPRegen 0.45/turn               i - ring of see invisible
MPRegen 0.00/turn               (no ring)

@: death channelling, flying
A: sickness immunity, fire resistance 2, cold vulnerability 1, float, innate
caster, HP casting, extra vitality 1
a: Renounce Religion, Minor Destruction, Lesser Servant of Makhleb, Major
Destruction, Greater Servant of Makhleb


You were in the Dungeon.
You worshipped Makhleb.
Makhleb was exalted by your worship.
You visited 1 branch

Inventory:

Hand Weapons
 a - a +0 hand axe
 g - the +∞ Axe of Woe (weapon)
   (You found it in the Dungeon)
Missiles
 d - 5 boomerangs of dispersal (quivered)
Armour
 b - a +0 leather armour (worn)
Jewellery
 c - a +30 ring of slaying
 i - a ring of see invisible (left hand)
Potions
 e - a potion of curing
 f - a potion of heal wounds
 h - a potion of berserk rage


   Skills:
 O Level 27 Fighting
 O Level 27 Short Blades
 O Level 27 Long Blades
 O Level 27 Axes
 O Level 27 Maces & Flails
 O Level 27 Polearms
 O Level 27 Staves
 O Level 27 Slings
 O Level 27 Bows
 O Level 27 Crossbows
 O Level 27 Throwing
 O Level 27 Armour
 O Level 27 Dodging
 O Level 27 Stealth
 O Level 27 Shields
 O Level 27 Unarmed Combat
 O Level 27 Spellcasting
 O Level 27 Invocations
 O Level 27 Evocations


You couldn't memorise any spells.
You knew the following spells:

 Your Spells              Type           Power      Damage    Failure   Level
a - Blink                 Tloc           100%       N/A       0%          2
b - Lesser Beckoning      Tloc           86%        N/A       0%          3
c - Gell's Gravitas       Tloc           86%        N/A       0%          3
d - Teleport Other        Tloc           86%        N/A       0%          3
e - Manifold Assault      Tloc           86%        N/A       0%          5
f - Sandblast             Erth           100%       2d20      0%          1
g - Poisonous Vapours     Pois/Air       100%       N/A       0%          2
h - Wereblood             Tmut           86%        N/A       0%          2
i - Petrify               Tmut/Erth      86%        N/A       0%          4
j - Lightning Bolt        Conj/Air       43%        1d62      0%          5
k - Blade Hands           Tmut           43%        N/A       0%          5
l - Death Channel         Necr           43%        N/A       0%          6
m - Summon Hydra          Summ           43%        N/A       1%          7
n - Monstrous Menagerie   Summ           43%        N/A       1%          7
o - Haunt                 Necr/Summ      43%        N/A       1%          7
p - Dragon Form           Tmut           43%        N/A       1%          7
q - Borgnjor's Revivific  Necr           43%        N/A       1%          8
r - Shatter               Erth           43%        3d33*     2%          9
Your spell library was empty.

Dungeon Overview and Level Annotations

Branches:
Dungeon (1/1)

Altars:
Makhleb


Innate Abilities, Weirdness & Mutations

You are immune to sickness and miasma.
You are immune to poison.
Your flesh is very heat resistant. (rF++)
You are vulnerable to cold. (rC-)
You float through the air rather than walking.
You learn spells naturally, not from books.
Your magical power is your life essence.
You have superior vitality. (+4 MHP)


Message History

Your spectral nine-headed meat hydra fades into mist!
Your spectral meat berserker fades into mist!
Your spectral scourge fades into mist!
Your spectral observer fades into mist!
Your spectral meat berserker fades into mist!
Your spectral scourge fades into mist!
Your spectral meat berserker fades into mist!
Your spectral scourge fades into mist!
You hear a shout! x2
The bag of meat is engulfed in blazing flames.
The destroyer casts a spell at you.
The destroyer blinks!
A large bag of meat comes into view. It is wielding a +9 giant spiked club.
A sculptor of flesh comes into view. It is wielding a +9 great sword.
A bag of meat comes into view. It is wielding a +9 war axe.
Casting: Manifold Assault (safe; 0% risk of failure)
Confirm with . or Enter, or press ? or * to list all spells.
Malign forces permeate your being, awaiting release.
The large bag of meat shouts in stereo!
A bag of meat comes into view. It is wielding a +9 war axe.
You hear a shout! x6
The destroyer hits you with a +9 vorpal great sword!!!
The destroyer bites you.
The bag of meat is engulfed in blazing flames.
You hear a shout!
Casting: Death Channel (safe; 0% risk of failure)
Confirm with . or Enter, or press ? or * to list all spells.
Your body is healed in an amazingly painful way.
The bag of meat shouts!
You hear a shout! x6
A wretched soul comes into view.
The bag of meat is engulfed in blazing flames.
A sculptor of flesh comes into view. It is wielding a +9 great sword.
The accursed casts a spell at you. Something smites you!
You hear a shout!
The bag of meat is engulfed in blazing flames.
You hear a shout!
The destroyer hits you with a +9 vorpal great sword!!!!!
Ouch! That really hurt!
* * * LOW HITPOINT WARNING * * *
You die...

)§§....#Z)ZZ.Z.....#
)°§.§####M.).).....#
..§§°)...))))......#
...§°†.ZZ)))#......#
....))ZZZ.....)....#
.....)ZZZ...#......#
#.....ZZZZ..)......#
#....)ZZ....##).V..#
###...)ZZzzO...o@..#
.....oZ..W)###)....#
.......Z).)).o.....#
.....))#)#)D§)..)..#
.... )..ooo.....=#
... .#☼§...)..# ....
))........# .o..
#o#..#.)..# ###.


You could see an accursed, an eight-headed meat hydra, a destroyer, 2 sculptors
of flesh, a large bag of meat (inner flame), a wretched soul (invisible) and 6
bags of meat.

Vanquished Creatures
  A hell knight (D)
  Sigmund (D)
  9 hell beasts (D)
  5 royal mummies (D)
  7 great orbs of eyes (D)
  5 wraiths (D)
  13 vampire knights (D)
  40 ogres (D)
  11 two-headed ogres (D)
  7 liches (D)
  6 hydras (D)
  76 orcs (D)
  6 phantoms (D)
  7 skeletal warriors (D)
  6 sea snakes (D)
200 creatures vanquished.

Vanquished Creatures (others)
  An orc (D)
1 creature vanquished.

Grand Total: 201 creatures vanquished

Notes
Turn   | Place    | Note
-------+----------+-------------------------------------------
     0 | D        | Found the +∞ Axe of Woe
     0 | D        | smarlow the Djinni Warper began the quest for the Orb.
     0 | D        | Reached XP level 1. HP: 18/18 MP: 0/0
     1 | D        | Noticed a bag of meat
     4 | D        | Became a worshipper of Makhleb the Destroyer
     7 | D        | Killed a bag of meat
     7 | D        | Noticed a bag of meat
     7 | D        | Noticed a meat berserker
     7 | D        | Noticed a bag of meat
     7 | D        | Noticed a meat berserker
     8 | D        | Reached skill level 10 in Dodging
     8 | D        | Reached skill level 15 in Spellcasting
     8 | D        | Reached XP level 2. HP: 34/34 MP: 0/0
     8 | D        | Reached XP level 3. HP: 40/40 MP: 0/0
     8 | D        | Learned a level 1 spell: Sandblast
     8 | D        | Reached XP level 4. HP: 45/45 MP: 0/0
     8 | D        | Reached XP level 5. HP: 50/50 MP: 0/0
     8 | D        | Learned a level 2 spell: Poisonous Vapours
     8 | D        | Reached XP level 6. HP: 57/57 MP: 0/0
     8 | D        | Reached XP level 7. HP: 61/61 MP: 0/0
     8 | D        | Learned a level 2 spell: Wereblood
     8 | D        | Reached XP level 8. HP: 67/67 MP: 0/0
     8 | D        | Reached XP level 9. HP: 73/73 MP: 0/0
     8 | D        | Learned a level 4 spell: Petrify
     8 | D        | Reached XP level 10. HP: 78/78 MP: 0/0
     8 | D        | Reached XP level 11. HP: 84/84 MP: 0/0
     8 | D        | Learned a level 5 spell: Lightning Bolt
     8 | D        | Noticed a bag of meat
     9 | D        | Noticed a meat berserker
     9 | D        | Noticed a bag of meat
    10 | D        | Noticed a bag of meat
    11 | D        | Noticed a meat berserker
    12 | D        | Killed a meat berserker
    12 | D        | Reached * piety under Makhleb
    12 | D        | Killed a bag of meat
    12 | D        | Killed a meat berserker
    12 | D        | Noticed a bag of meat
    13 | D        | Reached XP level 12. HP: 99/99 MP: 0/0
    13 | D        | Reached XP level 13. HP: 104/104 MP: 0/0
    13 | D        | Learned a level 5 spell: Blade Hands
    13 | D        | Reached XP level 14. HP: 111/111 MP: 0/0
    13 | D        | Noticed a meat berserker
    14 | D        | Killed a bag of meat
    14 | D        | Reached ** piety under Makhleb
    14 | D        | Killed a meat berserker
    15 | D        | Reached skill level 15 in Fighting
    15 | D        | Reached skill level 15 in Axes
    15 | D        | Reached skill level 5 in Throwing
    15 | D        | Reached skill level 15 in Dodging
    15 | D        | Reached XP level 15. HP: 120/120 MP: 0/0
    15 | D        | Learned a level 6 spell: Death Channel
    15 | D        | Noticed a meat berserker
    16 | D        | Reached *** piety under Makhleb
    18 | D        | Killed a meat berserker
    18 | D        | Killed a meat berserker
    18 | D        | Noticed a meat berserker
    19 | D        | Reached skill level 5 in Armour
    19 | D        | Reached skill level 27 in Spellcasting
    19 | D        | Reached XP level 16. HP: 63/132 MP: 0/0
    19 | D        | Reached **** piety under Makhleb
    19 | D        | Noticed a large bag of meat
    20 | D        | Reached XP level 17. HP: 84/141 MP: 0/0
    20 | D        | Learned a level 7 spell: Summon Hydra
    20 | D        | Noticed a large bag of meat
    20 | D        | Noticed a meat berserker
    20 | D        | Noticed a large bag of meat
    21 | D        | Killed a meat berserker
    21 | D        | Noticed a meat berserker
    24 | D        | Killed a large bag of meat
    24 | D        | Reached ***** piety under Makhleb
    24 | D        | Noticed a meat berserker
    25 | D        | Reached XP level 18. HP: 143/159 MP: 0/0
    25 | D        | Noticed a meat berserker
    26 | D        | Killed a large bag of meat
    27 | D        | Killed a meat berserker
    27 | D        | Noticed a meat berserker
    29 | D        | Noticed an eight-headed meat hydra
    30 | D        | Reached skill level 27 in Axes
    30 | D        | Reached XP level 19. HP: 153/173 MP: 0/0
    30 | D        | Learned a level 7 spell: Monstrous Menagerie
    30 | D        | Killed a meat berserker
    31 | D        | Reached skill level 27 in Fighting
    32 | D        | Noticed a large bag of meat
    32 | D        | Noticed a destroyer
    33 | D        | Noticed a destroyer
    33 | D        | Noticed a destroyer
    34 | D        | Reached skill level 27 in Dodging
    34 | D        | Reached skill level 10 in Stealth
    35 | D        | Noticed a sculptor of flesh
    35 | D        | Reached ****** piety under Makhleb
    36 | D        | Reached skill level 10 in Throwing
    36 | D        | Killed a large bag of meat
    37 | D        | Reached XP level 20. HP: 167/181 MP: 0/0
    37 | D        | Killed a destroyer
    44 | D        | Killed a destroyer
    45 | D        | Reached XP level 21. HP: 138/187 MP: 0/0
    45 | D        | Learned a level 7 spell: Haunt
    45 | D        | Noticed a destroyer
    46 | D        | Noticed a destroyer
    46 | D        | Noticed a destroyer
    47 | D        | Killed a destroyer
    48 | D        | Reached skill level 15 in Throwing
    48 | D        | Reached skill level 27 in Stealth
    48 | D        | Noticed a destroyer
    49 | D        | Noticed an accursed
    49 | D        | Killed a destroyer
    50 | D        | Reached skill level 27 in Armour
    53 | D        | Noticed a meat berserker
    53 | D        | Noticed a meat berserker
    53 | D        | Noticed a meat berserker
    53 | D        | Noticed a meat berserker
    53 | D        | Noticed a destroyer
    53 | D        | Noticed a meat berserker
    53 | D        | Noticed a large bag of meat
    53 | D        | Noticed a destroyer
    54 | D        | Killed a meat berserker
    55 | D        | Reached skill level 27 in Throwing
    55 | D        | Reached XP level 22. HP: 194/194 MP: 0/0
    55 | D        | Noticed an accursed
    55 | D        | Killed a meat berserker
    56 | D        | Reached skill level 5 in Maces & Flails
    56 | D        | Reached skill level 5 in Polearms
    56 | D        | Reached skill level 5 in Staves
    56 | D        | Reached skill level 5 in Slings
    56 | D        | Reached skill level 5 in Bows
    56 | D        | Reached skill level 5 in Crossbows
    56 | D        | Noticed a meat berserker
    57 | D        | Killed a meat berserker
    58 | D        | Reached skill level 10 in Shields
    58 | D        | Reached skill level 10 in Unarmed Combat
    58 | D        | Reached skill level 10 in Invocations
    58 | D        | Reached skill level 10 in Evocations
    58 | D        | Reached XP level 23. HP: 201/201 MP: 0/0
    58 | D        | Learned a level 7 spell: Dragon Form
    59 | D        | Reached skill level 10 in Maces & Flails
    59 | D        | Reached skill level 10 in Polearms
    59 | D        | Reached skill level 10 in Slings
    59 | D        | Reached skill level 10 in Bows
    59 | D        | Reached skill level 10 in Crossbows
    59 | D        | Killed a destroyer
    60 | D        | Reached XP level 24. HP: 194/208 MP: 0/0
    60 | D        | Killed an accursed
    61 | D        | Reached skill level 15 in Short Blades
    61 | D        | Reached skill level 15 in Long Blades
    61 | D        | Reached XP level 25. HP: 108/214 MP: 0/0
    61 | D        | Learned a level 8 spell: Borgnjor's Revivification
    61 | D        | Noticed a dread
    61 | D        | Noticed a dread
    61 | D        | Killed a destroyer
    61 | D        | Killed a large bag of meat
    62 | D        | Reached skill level 15 in Maces & Flails
    62 | D        | Reached skill level 15 in Polearms
    62 | D        | Reached skill level 15 in Slings
    62 | D        | Reached skill level 15 in Bows
    62 | D        | Reached skill level 15 in Crossbows
    62 | D        | Killed a dread
    62 | D        | Killed a dread
    63 | D        | Reached XP level 26. HP: 221/221 MP: 0/0
    64 | D        | Noticed a destroyer
    64 | D        | Noticed a meat beast
    65 | D        | Killed a meat beast
    66 | D        | Reached XP level 27. HP: 228/228 MP: 0/0
    66 | D        | Learned a level 9 spell: Shatter
    66 | D        | Killed a destroyer
    69 | D        | Noticed an accursed
    70 | D        | Killed an accursed
    70 | D        | Noticed a meat beast
    71 | D        | Killed a meat beast
    73 | D        | Killed a large bag of meat
    74 | D        | Killed a destroyer
    79 | D        | Noticed a meat beast
    79 | D        | Killed a meat beast
    80 | D        | Reached skill level 27 in Short Blades
    80 | D        | Reached skill level 27 in Long Blades
    80 | D        | Reached skill level 27 in Shields
    80 | D        | Reached skill level 27 in Unarmed Combat
    80 | D        | Reached skill level 27 in Invocations
    80 | D        | Reached skill level 27 in Evocations
    80 | D        | Noticed a meat beast
    81 | D        | Killed a meat beast
    81 | D        | Noticed a meat beast
    81 | D        | Noticed a large bag of meat
    82 | D        | Reached skill level 27 in Maces & Flails
    82 | D        | Reached skill level 27 in Polearms
    82 | D        | Reached skill level 27 in Staves
    82 | D        | Killed a large bag of meat
    82 | D        | Killed a meat beast
    83 | D        | Reached skill level 27 in Slings
    83 | D        | Reached skill level 27 in Bows
    83 | D        | Reached skill level 27 in Crossbows
    85 | D        | Noticed a tyrant
    87 | D        | Killed a tyrant
    87 | D        | Noticed a meat beast
    88 | D        | Killed a meat beast
    91 | D        | Noticed a destroyer
    92 | D        | Killed a destroyer
    92 | D        | Noticed a tyrant
    93 | D        | Killed a tyrant
    96 | D        | Noticed an accursed
    97 | D        | Killed an accursed
    98 | D        | Noticed an accursed
    99 | D        | Killed a destroyer
    99 | D        | Killed an accursed
   101 | D        | Noticed a large bag of meat
   102 | D        | Killed a large bag of meat
   102 | D        | Noticed a meat beast
   103 | D        | Noticed a tyrant
   104 | D        | Killed a meat beast
   104 | D        | Noticed a tyrant
   105 | D        | Killed a tyrant
   105 | D        | Noticed a meat beast
   105 | D        | Noticed a tyrant
   106 | D        | Killed a tyrant
   106 | D        | Killed a meat beast
   106 | D        | Noticed a large bag of meat
   107 | D        | Killed a large bag of meat
   107 | D        | Killed a tyrant
   107 | D        | Noticed a meat beast
   108 | D        | Killed a meat beast
   108 | D        | Noticed a tyrant
   108 | D        | Noticed a large bag of meat
   109 | D        | Killed a tyrant
   109 | D        | Killed a large bag of meat
   111 | D        | Noticed The Captor
   111 | D        | Killed The Captor
   113 | D        | Noticed a large bag of meat
   114 | D        | Noticed a dread
   114 | D        | Killed a dread
   114 | D        | Noticed a dread
   115 | D        | Noticed a destroyer
   115 | D        | Noticed a dread
   115 | D        | Killed a destroyer
   115 | D        | Killed a large bag of meat
   116 | D        | Killed a destroyer
   117 | D        | Noticed a tyrant
   118 | D        | Noticed a destroyer
   118 | D        | Killed a dread
   118 | D        | Killed a dread
   118 | D        | Killed a tyrant
   122 | D        | Noticed a fleshlord
   122 | D        | Noticed a large bag of meat
   123 | D        | Killed a fleshlord
   125 | D        | Killed a large bag of meat
   126 | D        | Noticed an accursed
   127 | D        | Killed an accursed
   128 | D        | Noticed a destroyer
   128 | D        | Killed a destroyer
   128 | D        | Noticed a large bag of meat
   130 | D        | Mangled by a destroyer

Illustrated notes

Levels and vault maps discovered:
D:        meatsprint

Skill      XL: |  1  2  3  4  5  6  7  8  9 10 11 12 13 14 15 16 17 18 19 20 21 22 23 24 25 26 27 |
---------------+----------------------------------------------------------------------------------+-----
Fighting       | 9 13 15 18 19 23 26 27 | 27.0
Axes           | 8 13 15 18 19 24 27 | 27.0
Throwing       | 3 4 5 6 7 11 14 27 | 27.0
Armour         | 2 4 5 8 9 16 22 27 | 27.0
Dodging        | 10 14 15 17 18 21 23 27 | 27.0
Spellcasting   | 15 22 24 27 | 27.0
Stealth        | 17 24 27 | 27.0
Short Blades   | 9 13 15 19 22 27 | 27.0
Long Blades    | 9 13 15 19 22 27 | 27.0
Maces & Flails | 9 12 14 17 20 27 | 27.0
Polearms       | 9 12 14 17 20 27 | 27.0
Staves         | 9 12 14 18 20 27 | 27.0
Slings         | 8 11 13 16 19 27 | 27.0
Bows           | 8 11 13 16 19 27 | 27.0
Crossbows      | 8 11 13 16 19 27 | 27.0
Shields        | 10 14 16 19 22 27 | 27.0
Unarmed Combat | 10 14 16 19 22 27 | 27.0
Invocations    | 10 14 16 19 22 27 | 27.0
Evocations     | 10 14 16 19 22 27 | 27.0

Action                   |  1- 3 |  4- 6 |  7- 9 | 10-12 | 13-15 | 16-18 | 19-21 | 22-24 | 25-27 || total
-------------------------+-------+-------+-------+-------+-------+-------+-------+-------+-------++-------
Melee: Executioner's axe |     1 |       |       |     1 |     3 |     7 |    14 |    20 |   148 ||   194
 Cast: Death Channel     |       |       |       |       |     1 |       |       |       |     1 ||     2
       Manifold Assault  |       |       |       |       |       |       |     1 |     5 |    53 ||    59
       Borgnjor's Revivi |       |       |       |       |       |       |       |       |     1 ||     1
  Use: Potion            |     1 |       |       |       |       |       |       |       |       ||     1
       Scroll            |       |       |       |       |       |       |     2 |       |       ||     2
 Stab: Distracted        |       |       |       |       |       |       |     2 |       |       ||     2
Dodge: Dodged            |       |       |       |       |     1 |       |       |       |     1 ||     2
